 Dungeon Crawl Stone Soup version 0.31-a0-1570-g93c622d222 (webtiles) character file.

Game seed: 17822910054159916079

1738 dialectric the Changeling (level 8, -11/70 HPs)
             Began as a Pale Draconian Shapeshifter on Jan 3, 2024.
             Mangled by a two-headed ogre
             ... wielding a +0 giant club
              (28 damage)
             ... on level 5 of the Dungeon.
             The game lasted 00:09:48 (5843 turns).

dialectric the Changeling (DrSh)                    Turns: 5843, Time: 00:09:49

Health: -11/70     AC:  6    Str: 17    XL:     8   Next: 77%
Magic:  8/8        EV: 13    Int: 10    God:
Gold:   51         SH:  0    Dex: 13    Spells: 7/7 levels left

rFire   . . .        e - +2 dagger (venom)
rCold   . . .        (no shield)
rNeg    . . .        (body armour unavailable)
rPois   +            (helmet currently unavailable)
rElec   .            (cloak currently unavailable)
rCorr   .            (gloves currently unavailable)
SInv    .            (boots currently unavailable)
Will    .....        (no amulet)
Stlth   +            g - ring of poison resistance
HPRegen 0.31/turn    o - ring of flight
MPRegen 0.11/turn

%: no passive effects
@: beast-form, flying
A: beast (slay +3), breathe steam, AC +6, unfitting armour, cold-blooded, steam
resistance
a: Breathe Steam, Begin Untransformation


You were on level 5 of the Dungeon.
You were a hulking beast.
You visited 1 branch of the dungeon, and saw 6 of its levels.

You collected 227 gold pieces.
You spent 176 gold pieces at shops.

Inventory:

Hand Weapons
 e - a +2 dagger of venom (weapon)
 w - the +3 hand axe of Recklessness {holy, +Blink rPois Str-3 SInv}
   (You found it on level 3 of the Dungeon)

   Str-3:     It affects your strength (-3).
   rPois:     It protects you from poison SInv: It lets you see invisible.
   +Blink:    It lets you blink.
Armour
 p - a +0 pair of gloves
 u - a +2 hat
Jewellery
 g - a ring of poison resistance (left hand)
 o - a ring of flight (right hand)
 r - a ring of resist corrosion
 t - a ring of protection from cold
Talismans
 b - a beast talisman
 c - a flux talisman
 f - a maw talisman
Wands
 a - a wand of mindburst (3)
Scrolls
 d - a scroll of amnesia
 j - 3 scrolls of teleportation
 k - 5 scrolls of identify {unknown}
 q - 2 scrolls of fog {unknown}
 s - a scroll of brand weapon {unknown}
Potions
 h - 3 potions of might {unknown}
 i - a potion of berserk rage {unknown}
 l - 4 potions of curing
 m - a potion of invisibility {unknown}
 n - a potion of magic {unknown}
 v - a potion of heal wounds
 x - a potion of enlightenment {unknown}


   Skills:
 + Level 5.6 Fighting
 - Level 3.0 Short Blades
 * Level 4.9 Dodging
 - Level 6.0 Unarmed Combat
 * Level 6.3 Shapeshifting


You had 7 spell levels left.
You didn't know any spells.
Your spell library contained the following spells:

 Spells                   Type           Power      Damage    Failure   Level
 Apportation              Tloc           0%         N/A       36%         1
 Freeze                   Ice            0%         1d3       36%         1
 Kiss of Death            Conj/Necr      0%         2d5       36%         1
 Magic Dart               Conj           0%         1d3       36%         1
 Necrotise                Necr           0%         1d4       36%         1
 Sting                    Conj/Alch      0%         1d3       36%         1
 Summon Small Mammal      Summ           0%         N/A       36%         1
 Searing Ray              Conj           0%         2d4       50%         2
 Confusing Touch          Hex            0%         N/A       75%         3
 Hailstorm                Conj/Ice       0%         3d5       75%         3
 Tukima's Dance           Hex            0%         N/A       75%         3
 Dispel Undead            Necr           0%         3d6       98%         4
 Fulminant Prism          Conj/Alch      0%         3d5       98%         4
 Passage of Golubria      Tloc           0%         N/A       98%         4
 Irradiate                Conj/Alch      0%         3d11      100%        5
 Yara's Violent Unravell  Hex/Alch       0%         3d3       100%        5
 Bombard                  Conj/Erth      0%         9d1       100%        6


Dungeon Overview and Level Annotations

Branches:
Dungeon (6/15)
 Temple: D:4-7

Altars:
Okawaru
Uskayaw
Wu Jian
Xom

Shops:
D:2 ?   D:3 !

Annotations:
D:4 Blork the orc


Innate Abilities, Weirdness & Mutations

You are a hulking beast.
Your limbs bulge with bestial killing power. (Slay +3)
You can breathe blasts of scalding, opaque steam.
Your pale cyan-grey scales are hard. (AC +6)
You cannot fit into any form of body armour.
You are cold-blooded and may be slowed by cold attacks.
You are immune to the effects of steam.


Message History

Press: ? - help, Shift-Dir - straight line, f/p - two-headed ogre
Aim: a two-headed ogre, wielding a +0 giant club and a +0 dire flail (moderately wounded, chance to affect: 47%)
The two-headed ogre resists with some effort.
Unknown command.
Unknown command.
Aiming: Mindburst
Press: ? - help, Shift-Dir - straight line, f/p - two-headed ogre
Aim: a two-headed ogre, wielding a +0 giant club and a +0 dire flail (moderately wounded, chance to affect: 47%)
The two-headed ogre resists with some effort.
Unknown command.
Unknown command.
Aiming: Mindburst
Press: ? - help, Shift-Dir - straight line, f/p - two-headed ogre
Aim: a two-headed ogre, wielding a +0 giant club and a +0 dire flail (moderately wounded, chance to affect: 47%)
The two-headed ogre resists with some effort.
Unknown command.
Unknown command.
You hit the two-headed ogre but do no damage.
The two-headed ogre is poisoned.
The two-headed ogre is moderately wounded.
The two-headed ogre hits you with a +0 giant club!!
The two-headed ogre barely misses you.
You puncture the two-headed ogre!
The two-headed ogre looks as sick as possible!
The two-headed ogre is heavily wounded.
You hit the two-headed ogre but do no damage.
The two-headed ogre is heavily wounded.
The two-headed ogre hits you with a +0 giant club!!
* * * LOW HITPOINT WARNING * * *
The two-headed ogre closely misses you.
You hit the two-headed ogre.
The two-headed ogre looks as sick as possible!
The two-headed ogre is heavily wounded.
Unknown command.
You hit the two-headed ogre.
The two-headed ogre looks as sick as possible!
Your tail-slap misses the two-headed ogre.
The two-headed ogre is severely wounded.
The two-headed ogre hits you with a +0 giant club!!
You die...

#.....+.....#....#.
#.....#.....#....#.
#.....##....##...#.
#.....##....##...##
#................##
#................#.
#.....##.........#.
#.....##.........#.
#.hO[.......#######
#.....##....#.....#
#.....##....#.....#
#.....#....[#.....#
#>....#.....#.....#
#.....#....)#<....#
#.....#....['))...#
#############.....#
####...


You could see a two-headed ogre (extremely poisoned).

Vanquished Creatures
  A wyvern (D:5)
  A steam dragon (D:6)
  Edmund (D:5)
  An ogre (D:4)
  3 phantoms
  A centaur (D:5)
  A bullfrog (D:5)
  2 bombardier beetles (D:5)
  5 hounds
  A jelly (D:5)
  A gnoll bouda (D:5)
  Jessica (D:3)
  Ijyb (D:4)
  2 iguanas (D:5)
  A sleepcap (D:5)
  3 orc wizards
  Robin (D:4)
  16 gnolls
  11 adders
  A white imp (D:5)
  4 ufetubi (D:5)
  3 dart slugs
  19 orcs
  4 endoplasms
  3 giant cockroaches
  8 hobgoblins
  9 jackals
  3 quokkas
  8 ball pythons
  4 bats
  3 frilled lizards
  9 goblins
  6 kobolds
  5 rats
143 creatures vanquished.

Notes
Turn   | Place    | Note
-------+----------+-------------------------------------------
     0 | D:1      | dialectric the Draconian Shapeshifter began the quest for
                  | the Orb.
     0 | D:1      | Reached XP level 1. HP: 16/16 MP: 1/1
   108 | D:1      | Reached XP level 2. HP: 18/23 MP: 2/2
   782 | D:2      | Reached XP level 3. HP: 17/29 MP: 3/3
  1077 | D:3      | Found Gosaij's Distillery.
  1109 | D:3      | Bought a potion of curing for 39 gold pieces
  1267 | D:2      | Found Dudin's Magic Scroll Shop.
  1272 | D:2      | Reached skill level 1 in Short Blades
  1273 | D:2      | Bought a scroll of teleportation for 33 gold pieces
  1354 | D:2      | Reached XP level 4. HP: 32/36 MP: 4/4
  1364 | D:2      | Found a hide-covered altar of Uskayaw.
  1855 | D:4      | Reached XP level 5. HP: 27/42 MP: 5/5
  2010 | D:4      | Found an ornate altar of the Wu Jian Council.
  2010 | D:4      | Noticed an ogre
  2017 | D:4      | Killed an ogre
  2182 | D:4      | Noticed a phantom
  2200 | D:4      | Killed a phantom
  2201 | D:4      | Reached XP level 6. HP: 22/51 MP: 6/6
  2734 | D:4      | Noticed Ijyb
  2748 | D:4      | Killed Ijyb
  3158 | D:4      | Noticed Blork the orc
  3207 | D:4      | Noticed Robin
  3214 | D:4      | Killed Robin
  3215 | D:4      | Your scales start taking on a pale cyan-grey colour.
  3215 | D:4      | Reached XP level 7. HP: 51/57 MP: 7/7
  3215 | D:4      | Gained mutation: You are immune to the effects of steam.
                  | [Pale Draconian growth]
  3360 | D:5      | Entered Level 5 of the Dungeon
  3382 | D:5      | Noticed Edmund
  3408 | D:5      | Killed Edmund
  3409 | D:5      | Reached skill level 5 in Unarmed Combat
  3887 | D:5      | Reached XP level 8. HP: 59/67 MP: 8/8
  4123 | D:5      | Reached skill level 5 in Shapeshifting
  4205 | D:5      | Reached skill level 5 in Fighting
  4717 | D:5      | Found an iron altar of Okawaru.
  4839 | D:3      | Bought a potion of heal wounds for 65 gold pieces
  4839 | D:3      | Bought a potion of curing for 39 gold pieces
  4862 | D:3      | Noticed Jessica
  4866 | D:3      | Killed Jessica
  4877 | D:3      | Identified the +3 hand axe of Recklessness {holy, +Blink
                  | rPois Str-3 SInv}
  5211 | D:6      | Noticed a two-headed ogre
  5561 | D:6      | Got Xogaf's Quarto of the Deep Freeze and the Missiles
  5662 | D:6      | Found a shimmering altar of Xom.
  5663 | D:6      | Found a shimmering altar of Xom.
  5663 | D:6      | Found a shimmering altar of Xom.
  5663 | D:6      | Found a shimmering altar of Xom.
  5664 | D:6      | Found a shimmering altar of Xom.
  5843 | D:5      | Mangled by a two-headed ogre

Illustrated notes

Levels and vault maps discovered:
D:1:      mainiacjoe_arrival_oval_in_oval, layout_basic, serial_bayou_crossing
D:2:      wander_river, layout_loops_ring, serial_shops, shop, basic_altar,
          nicolae_grassy_gnolls
D:3:      cheibrodos_old_hovel, layout_basic, serial_shops, shop, uniq_jessica
D:4:      layout_loops_cross, tgw_sif, nicolae_wu_jian_immortal_techniques,
          uniq_blork_the_orc, uniq_ijyb, uniq_robin
D:5:      minmay_bubble_buster, layout_gridville, lemuel_doored_altar,
          uniq_edmund
D:6:      layout_loops_ring, grunt_ashenzari_visionary
          [grunt_ashenzari_visionary_shoals, grunt_ashenzari_visionary_snake],
          marbit_many_paths, xom_redecorated, kennysheep_little_box,
          dk_noncrumbling_4

Skill      XL: |  1  2  3  4  5  6  7  8 |
---------------+-------------------------+-----
Dodging        | 2 3 4 |  4.9
Fighting       | 2 3 4 5 |  5.6
Short Blades   | 1 2 3 |  3.0
Unarmed Combat | 4 5 6 |  6.0
Shapeshifting  | 4 6 |  6.3

Action                     |  1- 3 |  4- 6 |  7- 9 || total
---------------------------+-------+-------+-------++-------
  Melee: Dagger            |    72 |   191 |   191 ||   454
         Unarmed           |     2 |       |       ||     2
         Tailslap          |     5 |    24 |    31 ||    60
         Punch             |     2 |     4 |     9 ||    15
  Evoke: Wand              |       |       |     6 ||     6
    Use: Scroll            |     1 |       |     2 ||     3
         Potion            |       |     1 |       ||     1
   Stab: Sleeping          |     1 |     1 |     1 ||     3
 Armour: Skin              |    42 |   168 |   172 ||   382
  Dodge: Dodged            |    43 |    87 |   157 ||   287

Table legend: (Time is in decaauts)
 A = Elapsed time spent in this place.
 B = Non-inter-level travel time spent in this place.
 C = Inter-level travel time spent in this place.
 D = Time resting spent in this place.
 E = Time spent auto-exploring this place.
 F = Levels seen in this place.
 G = Mean time per level.
                   A        B        C        D        E       F      G
               +--------+--------+--------+--------+--------+-----+--------+
         Total |   5812 |   5585 |    227 |    533 |   3754 |   6 |  968.7 |
       Dungeon |   5812 |   5585 |    227 |    533 |   3754 |   6 |  968.7 |
               +--------+--------+--------+--------+--------+-----+--------+

Top non-repeatable levels by time:
     D:5: 1873 daAuts
     D:4: 1538 daAuts
     D:2: 820 daAuts
     D:1: 704 daAuts
     D:3: 662 daAuts
     D:6: 212 daAuts
